 Dungeon Crawl Stone Soup version 0.31-a0-38-g1548c4f2a5 (webtiles) character file.

Game seed: 8955761226794282674

(classic levelgen) 58 Amnesiac the Sneak (level 3, 0/16 HPs)
             Began as a Spriggan Earth Elementalist on May 16, 2023.
             Killed from afar by an orc wizard (8 damage)
             ... with a puff of flame
             ... on level 2 of the Dungeon.
             The game lasted 00:05:49 (1167 turns).

Amnesiac the Sneak (Spriggan Earth Elementalist)    Turns: 1167, Time: 00:05:50

Health: 0/16       AC:  2    Str:  4    XL:     3   Next: 75%
Magic:  0/8        EV: 17    Int: 16    God:
Gold:   125        SH:  0    Dex: 17    Spells: 1/7 levels left

rFire   . . .        h - +0 dagger
rCold   . . .        (no shield)
rNeg    . . .        a - +0 robe
rPois   .            (helmet restricted)
rElec   .            (no cloak)
rCorr   .            (gloves unavailable)
SInv    +            (boots unavailable)
Will    .....        (no amulet)
Stlth   +++          (no ring)
HPRegen 0.22/turn    (no ring)
MPRegen 0.11/turn

%: no passive effects
@: very quick
A: very small, no large weapons, unfitting armour, see invisible, speed 3
a: no special abilities


You were on level 2 of the Dungeon.
You visited 1 branch of the dungeon, and saw 2 of its levels.

You collected 125 gold pieces.

Inventory:

Hand Weapons
 h - a +0 dagger (weapon)
Armour
 a - a +0 robe (worn)
Wands
 l - a wand of flame (5)
Scrolls
 c - a scroll of vulnerability {!r, unknown}
 d - a scroll of enchant armour {!r, unknown}
 e - 2 scrolls of identify {!r, unknown}
 i - a scroll of teleportation {!r, unknown}
 j - 2 scrolls of amnesia {!r, unknown}
 k - a scroll of fear {!r, unknown}
 m - a scroll of blinking {!r, unknown}
 o - a scroll of torment {!r, unknown}
Potions
 b - 2 potions of magic {!q}
 f - a potion of attraction {!q}


   Skills:
 + Level 0.9 Short Blades
 - Level 2.6 Dodging
 * Level 6.1 Stealth
 + Level 2.8 Spellcasting
 + Level 1.5 Transmutations
 - Level 2.6 Earth Magic


You had one spell level left.
You knew the following spells:

 Your Spells              Type           Power      Damage    Failure   Level
a - Sandblast             Erth           20%        2d7       6%          1
b - Passwall              Tmut/Erth      6%         N/A       12%         2
z - Confusing Touch       Hex            2%         N/A       50%         3

Your spell library contained the following spells:

 Spells                   Type           Power      Damage    Failure   Level
 Kiss of Death            Conj/Necr      8%         2d6       19%         1
 Necrotise                Necr           8%         1d4       19%         1
 Scorch                   Fire           4%         2d5       28%         2
 Stone Arrow              Conj/Erth      12%        3d7       32%         3
 Vampiric Draining        Necr           2%         2d6       50%         3
 Petrify                  Tmut/Erth      8%         N/A       63%         4
 Dispel Undead            Necr           2%         3d7       88%         4
 Flame Wave               Conj/Fire      2%         2d4       88%         4
 Agony                    Necr           2%         N/A       99%         5
 Summon Cactus Giant      Summ           1%         N/A       100%        6


Dungeon Overview and Level Annotations

Branches:
Dungeon (2/15)

Altars:
Hepliaklqana


Innate Abilities, Weirdness & Mutations

You are very small and have problems with some larger weapons.
You are too small for most types of armour.
You have supernaturally acute eyesight. (SInv)
You cover ground extremely quickly. (Speed+++)


Message History

Aiming: Sandblast (safe; 6% risk of failure)
Press: ? - help, Shift-Dir - straight line, f/p - orc wizard
Aim: an orc wizard, wielding a +0 dagger and wearing a +0 robe (moderately wounded, 77% to hit)
The blast of sand misses the orc wizard.
The orc wizard closely misses you. The orc hits you with a +0 mace.
The orc hits you with a +0 club.
* * * LOW HITPOINT WARNING * * *
The orc wizard closely misses you.
Press: ? - help, v - describe, . - travel
Here: an orc wizard, wielding a +0 dagger and wearing a +0 robe (moderately wounded)
The floor.
An orc comes into view. It is wielding a +0 club.
There is an open door here.
Casting: Sandblast (safe; 6% risk of failure)
Confirm with . or Enter, or press ? or * to list all spells.
Aiming: Sandblast (safe; 6% risk of failure)
Press: ? - help, Shift-Dir - straight line, f - orc
Aim: an orc, wielding a +0 club (heavily wounded, 82% to hit)
The blast of sand hits the orc!
You kill the orc!
You open the door.
There is an open door here.
Really quaff
f - 2 brown potions {!q}?
It was a potion of attraction {!q}.
You feel attractive to monsters. The orc wizard is attracted toward you.
Really quaff
g - a black potion {!q}?
It was a potion of brilliance {!q}.
You feel clever all of a sudden. The orc wizard barely misses you.
The orc is attracted toward you.
Casting: Sandblast (safe; 6% risk of failure)
Confirm with . or Enter, or press ? or * to list all spells.
Aiming: Sandblast (safe; 6% risk of failure)
Press: ? - help, Shift-Dir - straight line, f - orc wizard
Aim: an orc wizard, wielding a +0 dagger and wearing a +0 robe (moderately wounded, 77% to hit)
You feel a surge of power!
The blast of sand hits the orc wizard!
The orc wizard is severely wounded.
The orc wizard hits you with a +0 dagger.
* * * LOW HITPOINT WARNING * * *
The orc completely misses you.
You open the door.
The orc wizard hits you with a +0 dagger.
* * * LOW HITPOINT WARNING * * *
The orc misses you. The orc is attracted toward you.
There is an open door here.
The orc wizard is attracted toward you. The orc wizard is attracted toward you.
Really quaff
n - a metallic golden potion {!q}?
It was a potion of cancellation {!q}.
Your magical effects are unravelling.
You feel magically purged.
You feel a little less clever now. The orc is attracted toward you.
You feel less attractive to monsters.
Okay, then.
Aiming: Throw Flame
Press: ? - help, Shift-Dir - straight line, f/p - orc wizard
Aim: an orc wizard, wielding a +0 dagger and wearing a +0 robe (severely wounded, 60% to hit)
The puff of flame hits the orc wizard.
The orc wizard is almost dead.
The orc wizard casts a spell at you. The puff of flame hits you!
Ouch! That really hurt!
You die...

#.# #.....##
#.####.....##
#.#.###.....##
#.#..###.....##
#.§...###..)..# .
#o#.§..####o#### ...
#.#.....#.o...#.
##...####o##....#.....#.
.......@..###...'.)...'.
####.####.####..#.....#.
#.#.###.#†....#.
#.#..######'#### #
#.'..^###.....## #.
#.#....###.....#
#..###.#.....###.....
#......##.....###....
#.###..###.....###...


You could see an orc wizard.

Vanquished Creatures
  3 dart slugs (D:2)
  An orc (D:2)
  5 bats
  5 endoplasms
  4 giant cockroaches
  4 goblins
  8 hobgoblins
  3 kobolds
  2 quokkas
  3 ball pythons
  A frilled lizard (D:1)
  4 rats
43 creatures vanquished.

Notes
Turn   | Place    | Note
-------+----------+-------------------------------------------
     0 | D:1      | Amnesiac the Spriggan Earth Elementalist began the quest
                  | for the Orb.
     0 | D:1      | Reached XP level 1. HP: 9/9 MP: 5/5
   123 | D:1      | Reached skill level 4 in Stealth
   152 | D:1      | Reached XP level 2. HP: 13/13 MP: 3/6
   382 | D:1      | Reached skill level 5 in Stealth
   773 | D:1      | Learned a level 2 spell: Passwall
   794 | D:2      | Reached XP level 3. HP: 16/16 MP: 6/8
   925 | D:2      | Found a hazy altar of Hepliaklqana.
   930 | D:2      | Learned a level 3 spell: Confusing Touch
  1044 | D:2      | Reached skill level 6 in Stealth
  1167 | D:2      | Killed from afar by an orc wizard

Illustrated notes

Levels and vault maps discovered:
D:1:      zelgadis_glass_arrival_small, layout_loops_cross,
          roderic_roman_lattice, chequers_serial_rivers_micro_c,
          palyth_stone_intersect, st_stairs_1
D:2:      layout_basic, basic_altar, dk_noncrumbling_3, minmay_quadrilaterals

Skill      XL: |  1  2  3 |
---------------+----------+-----
Stealth        | 4 5 6 |  6.1
Short Blades   | |  0.9
Dodging        | |  2.6
Spellcasting   | |  2.8
Transmutations | |  1.5
Earth Magic    | |  2.6

Action                     || total
---------------------------++-------
  Melee: Dagger            ||     7
         Unarmed           ||     1
   Cast: Sandblast         ||    54
         Passwall          ||     5
  Evoke: Wand              ||     1
    Use: Potion            ||     3
   Stab: Sleeping          ||     7
 Armour: Robe              ||     1
  Dodge: Dodged            ||    21

Table legend: (Time is in decaauts)
 A = Elapsed time spent in this place.
 B = Non-inter-level travel time spent in this place.
 C = Inter-level travel time spent in this place.
 D = Time resting spent in this place.
 E = Time spent auto-exploring this place.
 F = Levels seen in this place.
 G = Mean time per level.
                   A        B        C        D        E       F      G
               +--------+--------+--------+--------+--------+-----+--------+
         Total |    826 |    808 |     18 |    115 |    460 |   2 |  413.0 |
       Dungeon |    826 |    808 |     18 |    115 |    460 |   2 |  413.0 |
               +--------+--------+--------+--------+--------+-----+--------+

Top non-repeatable levels by time:
     D:1: 527 daAuts
     D:2: 299 daAuts
